 Dungeon Crawl Stone Soup version 0.25.1-1-g288607f (webtiles) character file.

Game seed: 9263026788681053061

12756 robertstho the Grappler (level 11, -6/154 (156) HPs)
             Began as a Troll Berserker on July 27, 2020.
             Was a High Priest of Trog.
             Mangled by a vampire mosquito (9 damage)
             ... on level 12 of the Dungeon.
             The game lasted 00:15:46 (9122 turns).

robertstho the Grappler (Troll Berserker)           Turns: 9122, Time: 00:15:46

HP:   -6/154 (156)  AC:  9    Str: 28    XL:     11   Next: 66%
MP:   7/19          EV: 10    Int:  5    God:    Trog [*****.]
Gold: 41            SH:  9    Dex: 12    Spells: 10/10 levels left

rFire    x . .     SeeInvis .     - Unarmed
rCold    . . .     Gourm    +   D - +0 kite shield
rNeg     . . .     Faith    .   A - +1 robe of Lirogeu {*Drain rPois rF- MP+9}
rPois    +         Spirit   .   P - +0 hat "Lodagop" {rElec Dex+3 Stlth+}
rElec    +         Reflect  .   v - +1 cloak
rCorr    +         Harm     .   (gloves unavailable)
MR       .....                  (boots unavailable)
Stlth    ..........             (no amulet)
HPRegen  0.75/turn              B - ring of resist corrosion
MPRegen  0.16/turn              K - ring of flight (curse)

@: berserking (expiring), very quick
A: large, unfitting armour, claws 3, fast metabolism 3, gourmand, regeneration
1, shaggy fur 1, tough skin 3
a: Berserk, Trog's Hand, Brothers in Arms, Renounce Religion, Evoke Flight


You were on level 12 of the Dungeon.
You worshipped Trog.
Trog was extremely pleased with you.
You were very full.

You visited 1 branch of the dungeon, and saw 12 of its levels.

You collected 675 gold pieces.
You spent 634 gold pieces at shops.

Inventory:

Hand Weapons
 f - a +2 antimagic demon whip
 C - a +4 dire flail of freezing
 H - a +0 giant spiked club
 J - a +2 falchion of flaming
Missiles
 h - 34 poisoned darts (quivered)
 O - 3 large rocks
Armour
 a - a +0 animal skin
 v - a +1 cloak (worn)
 A - the +1 robe of Lirogeu (worn) {*Drain rPois rF- MP+9}
   (You found it on level 5 of the Dungeon)

   It makes you vulnerable to fire.
   It protects you from poison.
   It affects your magic capacity (+9).
   It causes draining when unequipped.
 D - a +0 kite shield (worn)
 P - the +0 hat "Lodagop" (worn) {rElec Dex+3 Stlth+}
   (You bought it in a shop on level 10 of the Dungeon)

   It affects your dexterity (+3).
   It insulates you from electricity.
   It makes you more stealthy.
Jewellery
 i - an uncursed ring of protection from magic
 l - an uncursed ring of fire
 w - an uncursed ring of protection from magic
 y - an uncursed ring of protection from cold
 B - a ring of resist corrosion (left claw)
 F - an uncursed ring of protection from cold
 I - an uncursed ring of positive energy
 K - a cursed ring of flight (right claw)
Wands
 k - a wand of paralysis (17)
 L - a wand of iceblast (10)
Scrolls
 c - 3 scrolls of immolation
 d - 13 scrolls of teleportation
 e - 4 scrolls of enchant armour
 g - 3 scrolls of enchant weapon {unknown}
 m - a scroll of magic mapping
 u - a scroll of holy word {unknown}
 x - 2 scrolls of remove curse
 z - 2 scrolls of fear {unknown}
 E - a scroll of random uselessness {unknown}
 M - a scroll of summoning {unknown}
Potions
 j - 3 potions of magic {unknown}
 n - 2 potions of resistance {unknown}
 o - 7 potions of curing {unknown}
 p - a potion of might
 q - 3 potions of flight
 s - a potion of invisibility
 t - 3 potions of haste
 G - a potion of lignification {unknown}
 N - a potion of ambrosia {unknown}
 Q - a potion of brilliance {unknown}
 R - 2 potions of mutation
Comestibles
 b - 31 rations
 S - 15 chunks of flesh


   Skills:
 * Level 5.6 Fighting
 + Level 0.7 Long Blades
 + Level 0.8 Maces & Flails
 * Level 5.5 Armour
 + Level 5.8 Dodging
 + Level 1.2 Stealth
 + Level 3.2 Shields
 * Level 14.1 Unarmed Combat


You had 10 spell levels left.
You didn't know any spells.
Your spell library was empty.

Dungeon Overview and Level Annotations

Branches:
Dungeon (12/15)            Temple (0/1) D:7            Lair (0/6) D:10
    Orc: D:9-12

Altars:
Ashenzari
Elyvilon
Fedhas
Gozag
Hepliaklqana
Nemelex Xobeh
Okawaru
Ru
Trog

Shops:
D:4 [   D:7 *=   D:10 *   D:11 }


Innate Abilities, Weirdness & Mutations

You are too large for most types of armour.
You have claws for hands.
Your metabolism is lightning-fast.
You like to eat raw meat.
Your natural rate of healing is unusually fast.
You are covered in fur. (AC +1)
You have extremely tough skin. (AC +3)


Message History

The centaur is almost dead.
The vampire mosquito bites you but does no damage.
The adder bites you.
* * * LOW HITPOINT WARNING * * *
The centaur hits you.
* * * LOW HITPOINT WARNING * * *
You barely miss the centaur.
The centaur is almost dead.
The vampire mosquito bites you!
* * * LOW HITPOINT WARNING * * *
The vampire mosquito draws strength from your injuries!
You block the adder's attack. The centaur closely misses you.
You claw the centaur!
You kill the centaur!
Trog accepts your kill. The vampire mosquito bites you.
* * * LOW HITPOINT WARNING * * *
The vampire mosquito draws strength from your injuries!
You closely miss the vampire mosquito. The vampire mosquito bites you!
You die...

....## ##.. .....## #..#
..)...# #..#
.))).#######.(#########
..)...................##
........................
###########..(..........
# #...()))...... #
#....(@.......
##...)Sy......
#..........(.
#............
####......... #..#######
#.## ..#


You could see a vampire mosquito and an adder.

Vanquished Creatures
  Harold (D:8)
  A hydra (D:9)
  2 two-headed ogres
  Pikel (D:8)
  A cyclops (D:11)
  Psyche (D:8)
  The ghost of Sweetruy1997 the Conjurer, a novice HuCj (D:5)
  2 trolls (D:10)
  2 hippogriffs
  2 dream sheep (D:9)
  The ghost of Gadfly the Ruffian, an amateur TrMo (D:4)
  A yak (D:9)
  2 vampire mosquitoes (D:12)
  2 hungry ghosts
  5 orc warriors
  3 sky beasts
  4 phantoms
  4 ice beasts
  3 ogres
  A hornet zombie (D:9)
  3 necrophages
  18 centaurs
  11 bullfrogs
  A crocodile (D:11)
  2 big kobolds (D:9)
  2 scorpions
  7 wights
  A howler monkey (D:6)
  3 crimson imps
  2 bullfrog zombies
  A centaur zombie (D:7)
  A quasit (D:9)
  2 jellies
  8 orc priests
  Crazy Yiuf (D:4)
  3 bullfrog skeletons
  2 hounds
  8 orc wizards
  Jessica (D:2)
  2 iguanas
  6 worker ants
  A centaur simulacrum (D:4)
  A bullfrog simulacrum (D:4)
  3 hound skeletons
  A worker ant zombie (D:5)
  3 gnolls (D:6)
  11 adders
  2 shadow imps (D:7)
  2 white imps (D:4)
  A worker ant simulacrum (D:4)
  An ooze (D:3)
  3 adder skeletons
  4 worms
  An adder simulacrum (D:4)
  A dart slug (D:3)
  52 orcs
  3 bats
  6 giant cockroaches
  6 goblins
  8 hobgoblins
  6 jackals
  A quokka (D:2)
  2 ball pythons
  6 frilled lizards
  A giant cockroach simulacrum (D:4)
  A giant cockroach zombie (D:4)
  9 kobolds
  A quokka simulacrum (D:4)
  9 rats
271 creatures vanquished.

Vanquished Creatures (collateral kills)
  A manticore (D:12)
  A yak (D:9)
  3 centaurs (D:12)
  A big kobold (D:9)
  A worker ant (D:12)
7 creatures vanquished.

Vanquished Creatures (others)
  A hound (D:8)
  An iguana (D:8)
  A worker ant zombie (D:8)
3 creatures vanquished.

Grand Total: 281 creatures vanquished

Notes
Turn   | Place    | Note
-------+----------+-------------------------------------------
     0 | D:1      | robertstho the Troll Berserker began the quest for the Orb.
     0 | D:1      | Reached XP level 1. HP: 22/22 MP: 0/0
   206 | D:1      | Reached XP level 2. HP: 29/29 MP: 1/1
   732 | D:2      | Noticed Jessica
   747 | D:2      | Killed Jessica
   747 | D:2      | Reached ** piety under Trog
   747 | D:2      | Reached XP level 3. HP: 18/36 MP: 2/2
   811 | D:2      | You fall into a shaft and drop 1 floor!
   819 | D:3      | Reached skill level 4 in Unarmed Combat
   839 | D:3      | Reached XP level 4. HP: 44/44 MP: 3/3
   860 | D:3      | Found a blossoming altar of Fedhas.
   883 | D:3      | Reached skill level 1 in Armour
   883 | D:3      | Reached XP level 5. HP: 24/53 MP: 4/4
  1394 | D:2      | Reached skill level 5 in Unarmed Combat
  1473 | D:2      | Found a white marble altar of Elyvilon.
  2094 | D:4      | Noticed Gadfly's ghost (amateur TrMo)
  2182 | D:4      | Found a shattered altar of Ashenzari.
  2215 | D:4      | Found Qeoroo's Antique Armour Boutique.
  2218 | D:4      | Noticed an ogre
  2224 | D:4      | Killed an ogre
  2224 | D:4      | Reached XP level 6. HP: 61/61 MP: 5/5
  2254 | D:4      | Reached skill level 6 in Unarmed Combat
  2316 | D:4      | Found a runed translucent gate.
  2318 | D:4      | Reached *** piety under Trog
  2319 | D:4      | Found a runed translucent gate.
  2319 | D:4      | Found a runed translucent gate.
  2384 | D:4      | Found a runed translucent door.
  2385 | D:4      | Noticed Crazy Yiuf
  2391 | D:4      | Killed Crazy Yiuf
  2391 | D:4      | Reached XP level 7. HP: 64/67 MP: 6/6
  2809 | D:4      | Killed Gadfly's ghost
  2809 | D:4      | Reached skill level 7 in Unarmed Combat
  2987 | D:5      | Entered Level 5 of the Dungeon
  3015 | D:5      | Found a hazy altar of Hepliaklqana.
  3180 | D:5      | Found a runed translucent gate.
  3180 | D:5      | Found a runed translucent gate.
  3180 | D:5      | Found a runed translucent gate.
  3193 | D:5      | Got a shadowed robe
  3203 | D:5      | Identified the +1 robe of Lirogeu {*Drain rPois rF- MP+9}
                  | (You found it on level 5 of the Dungeon)
  3476 | D:5      | Found a bloodstained altar of Trog.
  3479 | D:5      | Found a sparkling altar of Nemelex Xobeh.
  3488 | D:5      | Found an iron altar of Okawaru.
  3491 | D:5      | Found a sacrificial altar of Ru.
  3589 | D:5      | Noticed Sweetruy1997's ghost (novice HuCj)
  3722 | D:5      | Killed Sweetruy1997's ghost
  3722 | D:5      | Reached skill level 8 in Unarmed Combat
  3722 | D:5      | Reached XP level 8. HP: 78/78 MP: 7/7
  3811 | D:6      | Reached **** piety under Trog
  3814 | D:6      | Reached skill level 9 in Unarmed Combat
  3943 | D:6      | Reached XP level 9. HP: 72/84 MP: 8/8
  4077 | D:6      | Reached skill level 10 in Unarmed Combat
  4509 | D:7      | Found a white marble altar of Elyvilon.
  4585 | D:7      | Found Qoikkurch's Jewellery Boutique.
  4609 | D:7      | Found a staircase to the Ecumenical Temple.
  4666 | D:7      | Reached ***** piety under Trog
  4827 | D:7      | Found Plog's Assorted Antiques.
  4835 | D:7      | Bought a glowing copper ring for 115 gold pieces
  4835 | D:7      | Bought a runed pearl ring for 115 gold pieces
  4835 | D:7      | Bought a sedimented amethyst potion for 20 gold pieces
  4835 | D:7      | Bought a scroll labeled AWIOSTR MOIX for 23 gold pieces
  5033 | D:7      | Reached skill level 11 in Unarmed Combat
  5227 | D:8      | Noticed Pikel
  5236 | D:8      | Killed Pikel
  5236 | D:8      | Reached skill level 1 in Stealth
  5265 | D:8      | Noticed Harold
  5278 | D:8      | Killed Harold
  5278 | D:8      | Reached skill level 1 in Shields
  5278 | D:8      | Reached XP level 10. HP: 94/94 MP: 9/9
  5339 | D:8      | Reached skill level 12 in Unarmed Combat
  5474 | D:8      | Received a gift from Trog
  5632 | D:8      | Noticed Psyche
  5636 | D:8      | Killed Psyche
  5703 | D:8      | Noticed a two-headed ogre
  5711 | D:8      | Killed a two-headed ogre
  5711 | D:8      | Reached skill level 5 in Fighting
  6463 | D:9      | Found an opulent altar of Gozag.
  6569 | D:9      | Reached skill level 13 in Unarmed Combat
  6842 | D:9      | Reached skill level 5 in Dodging
  6884 | D:9      | Reached XP level 11. HP: 89/104 MP: 10/10
  6932 | D:9      | Noticed a three-headed hydra
  6939 | D:9      | Killed a one-headed hydra
  6939 | D:9      | Reached skill level 5 in Armour
  7218 | D:10     | Entered Level 10 of the Dungeon
  7409 | D:10     | Found Vunaite's Assorted Antiques.
  7493 | D:10     | Found a staircase to the Lair.
  8162 | D:11     | Found Noysh's Gadget Emporium.
  8634 | D:10     | Bought an ichor-stained hat for 279 gold pieces
  8634 | D:10     | Bought a bubbling red potion for 27 gold pieces
  8634 | D:10     | Bought 2 yellow potions for 55 gold pieces
  8642 | D:10     | Identified the +0 hat "Lodagop" {rElec Dex+3 Stlth+} (You
                  | bought it in a shop on level 10 of the Dungeon)
  8716 | D:12     | Received a gift from Trog
  8839 | D:12     | Noticed a two-headed ogre
  8849 | D:12     | Killed a two-headed ogre
  8977 | D:12     | Reached skill level 14 in Unarmed Combat
  9121 | D:12     | HP: 3/154 [vampire mosquito (5)]
  9122 | D:12     | Mangled by a vampire mosquito

Illustrated notes

Levels and vault maps discovered:
D:1:      scummos_arrival_simple_crosswalls, layout_loops_ring
D:2:      layout_loops_corners, elyvilon_altar_3, uniq_jessica
D:3:      layout_rooms, fedhas_altar_3, serial_glass, glass_columns_c,
          glass_columns_a, feat_on_display, minmay_strange_pillars
D:4:      layout_loops_ring, nicolae_ashenzari_panopticon, gammafunk_ghost_icy,
          serial_shops, nicolae_shop_trees, uniq_crazy_yiuf_cottage
D:5:      layout_basic, kennysheep_mini, grunt_temple_overflow_cloverleaf,
          gammafunk_ghost_necromancy, first_ration, minmay_holes,
          kennysheep_decorative_pillar
D:6:      layout_cave_pools
D:7:      layout_cave_pools, overflow_temple_1_default,
          minmay_temple_entry_enclosed_plants, serial_shops,
          nicolae_shop_temple_entry_statues_fountains, nicolae_shop_stone,
          minmay_increasing_density
D:8:      layout_basic, special_room [special_room_orc], uniq_psyche,
          uniq_pikel, uniq_harold
D:9:      layout_irregular_city, old_standard_altar, hangedman_ranch
          [blue_anna_fruit_fields]
D:10:     layout_loops_corners, lair_entry_dummy, serial_shops, shop_fountains
D:11:     layout_roguey, serial_shops, shop_statue
D:12:     layout_cave_pods, david_orc_5

Skill      XL: |  1  2  3  4  5  6  7  8  9 10 11 |
---------------+----------------------------------+-----
Unarmed Combat | 4 5 6 8 9 11 13 14 | 14.1
Fighting       | 3 4 5 |  5.6
Armour         | 1 2 3 4 5 |  5.5
Dodging        | 3 4 5 |  5.8
Stealth        | 1 |  1.2
Shields        | 1 2 3 |  3.2
Long Blades    | |  0.7
Maces & Flails | |  0.8

Action                   |  1- 3 |  4- 6 |  7- 9 | 10-12 || total
-------------------------+-------+-------+-------+-------++-------
Melee: Unarmed           |    96 |   101 |   275 |   288 ||   760
       Punch             |     1 |     2 |     6 |       ||     9
       Falchion          |       |       |       |    11 ||    11
       Demon whip        |       |       |       |     6 ||     6
Invok: Berserk           |       |     2 |     4 |     6 ||    12
       Trog's Hand       |       |       |     1 |     1 ||     2
       Brothers in Arms  |       |       |       |     2 ||     2
Evoke: Wand              |       |       |       |     4 ||     4
  Use: Scroll            |       |       |    13 |     2 ||    15
 Stab: Sleeping          |     1 |       |     1 |       ||     2
  Eat: Chunk             |    13 |    16 |    33 |    42 ||   104
Armor: Animal skin       |    43 |    43 |     8 |       ||    94
       Robe              |       |       |    71 |   107 ||   178
Dodge: Dodged            |    63 |    55 |    98 |   134 ||   350
Block: Kite shield       |       |       |    41 |   152 ||   193
